 Dungeon Crawl Stone Soup version 0.21-a0-39-g28ea6b7 (console) character file.

308928 nht the Barachian Blade (level 21, -7/173 HPs)
             Began as a Barachi Berserker on June 1, 2017.
             Was the Champion of Trog.
             Killed from afar by a deep elf elementalist (17 damage)
             ... with a fireball
             ... on level 3 of the Elven Halls.
             The game lasted 02:21:08 (46726 turns).

nht the Barachian Blade (Barachi Berserker)        Turns: 46726, Time: 02:21:09

Health: -7/173     AC: 25    Str: 24    XL:     21   Next: 22%
Magic:  29/29      EV: 17    Int: 11    God:    Trog [******]
Gold:   3268       SH:  0    Dex: 16    Spells: 20/20 levels left

rFire    + . .     SeeInvis .   a - +5 triple sword (holy)
rCold    + . .     Gourm    .   (shield currently unavailable)
rNeg     . . .     Faith    .   W - +3 chain mail {rPois}
rPois    +         Spirit   .   i - +2 helmet {Int+3}
rElec    .         Reflect  .   k - scarf {rC+ rF+}
rCorr    +         Harm     .   w - +1 pair of gloves
MR       ++++.                  R - +0 pair of boots
Stlth    ..........             (no amulet)
Regen    1.4/turn               C - ring of resist corrosion
MPRegen  0.3/turn               t - ring of protection from magic

@: about to teleport, can't hop, regenerating, slow
A: +LOS, swims, thin metallic scales 1, screaming 1, slowness 1, wild magic 2,
strong legs 2
}: 2/15 runes: barnacled, gossamer
a: Hop, Berserk, Trog's Hand, Brothers in Arms, Burn Spellbooks, Renounce
Religion


You were on level 3 of the Elven Halls.
You worshipped Trog.
Trog was exalted by your worship.
You were not hungry.

You visited 6 branches of the dungeon, and saw 34 of its levels.
You visited the Abyss 1 time.
You also visited: Labyrinth.

You collected 3851 gold pieces.
You spent 583 gold pieces at shops.

Inventory:

Hand Weapons
 a - a +5 triple sword of holy wrath (weapon)
 c - a +0 quick blade
Missiles
 g - 4 throwing nets
 x - 6 needles of paralysis
 A - 11 curare-tipped needles
 E - 9 needles of frenzy
 F - 33 tomahawks
 H - 61 javelins
 K - 7 poisoned tomahawks
 N - 11 tomahawks of returning (quivered)
 O - 25 needles of sleeping
 Q - 3 silver tomahawks
 S - 5 steel tomahawks
 T - 12 javelins of penetration
 X - 12 tomahawks of dispersal
 Z - 7 silver javelins
Armour
 i - a +2 helmet of intelligence (worn)
 j - a scarf of repulsion
 k - a scarf of resistance (worn)
 r - a scarf of cloud immunity
 w - a +1 pair of gloves (worn)
 R - a +0 pair of boots (worn)
 W - a +3 chain mail of poison resistance (worn)
Jewellery
 t - a ring of protection from magic (right hand)
 z - a +2 ring of slaying
 C - a ring of resist corrosion (left hand)
Wands
 f - a wand of digging (22/24)
 y - a wand of acid (9/15)
Scrolls
 d - 6 scrolls of fog
 l - 13 scrolls of remove curse
 q - 4 scrolls of teleportation
 B - 6 scrolls of blinking
 D - 2 scrolls of magic mapping
 P - 3 scrolls of identify
 V - 2 scrolls of enchant armour
Potions
 b - 5 potions of resistance
 e - 11 potions of flight
 m - 13 potions of curing
 n - 6 potions of heal wounds
 p - 4 potions of mutation
 s - 2 potions of cancellation
 u - 4 potions of might
 G - 2 potions of invisibility
 I - 4 potions of haste
 M - 3 potions of lignification
 Y - 2 potions of agility
Miscellaneous
 J - a lightning rod (4/4)
 L - a fan of gales
Comestibles
 o - 16 meat rations
 v - 13 royal jellies


   Skills:
 + Level 16.8 Fighting
 - Level 24.2 Long Blades
 * Level 18.2 Throwing
 - Level 13.0 Armour
 + Level 14.0 Dodging
 - Level 11.0 Evocations


You had 20 spell levels left.
You didn't know any spells.

Dungeon Overview and Level Annotations

Branches:
Dungeon (15/15)            Temple (0/1) D:7            Lair (6/6) D:8
 Shoals (4/4) Lair:2       Spider (4/4) Lair:3        Slime (0/5) Lair:6
    Orc (2/2) D:9             Elf (3/3) Orc:2        Vaults (0/5) D:13
 Depths (0/5) D:15

Altars:
Cheibriados
Elyvilon
Fedhas
Gozag
Hepliaklqana
Kikubaaqudgha
Nemelex Xobeh
Sif Muna
Trog
Uskayaw
Vehumet
Xom

Shops:
D:7 %   D:13 %   D:15 :   Orc:2 }(((

Annotations:
D:7 exclusion: door
Lair:6 rcorr, exclusion: 2 oklob plants
Shoals:3 Roxanne


Innate Abilities, Weirdness & Mutations

Shadows flee at your approach. (+LOS)
You can swim through water.
You cover ground slowly.
You can hop longer distances.
You are partially covered in thin metallic scales. (AC +2)
You occasionally shout uncontrollably at your foes.
Your spells are harder to cast, but more powerful.


Message History

You barely miss the deep elf elementalist.
The deep elf elementalist moves out of view.
Your chain mail prevents you from hitting the deep elf elementalist.
The deep elf elementalist gestures wildly while chanting.
The deep elf elementalist seems to speed up.
The earth elemental hits you!!
* * * LOW HITPOINT WARNING * * *
The earth elemental hits you but does no damage.
A deep elf high priest comes into view. It is wielding a long sword.
Hop to where?
Press: ? - help, Dir - move target cursor Boing!
As you read the scroll of teleportation, it crumbles to dust.
You feel strangely unstable.
The deep elf elementalist points at the earth elemental and mumbles some strange words.
Some walls begin to move on their own!
You hear a shout!
The deep elf elementalist points at you and mumbles some strange words.
The fireball explodes!
The fireball engulfs you! You resist.
You die...

......(.....█
e..e...(....██
█§..E.█ █(EE..█
██e.)$█ █.)).█
█...(█ ██)..█
█[@.█ █...█
█...█ █████...█
████.......█
███..........█
██............█
█.......███..██
██.....████...█


You could see a deep elf elementalist and 3 earth elementals.

Vanquished Creatures
  Mara (Elf:3)
  Bai Suzhen (Spider:3)
  A bone dragon (Abyss:2)
  A tentacled monstrosity (Abyss:2)
  The ghost of grindst0ne the Impaler, an adept FoFi of Okawaru (Spider:2)
  2 deep elf blademasters
  A deep elf master archer (Elf:3)
  Polyphemus (Shoals:2)
  A kraken (Shoals:3)
  3 tentacled starspawn (Abyss:2)
  Kirke (Spider:4)
  An orc warlord (Orc:2)
  Aizul (Shoals:1)
  Louise (Shoals:1)
  4 emperor scorpions
  4 ghost moths
  3 deep elf sorcerers
  3 deep elf elementalists
  A stone giant (Orc:1)
  4 entropy weavers (Spider:3)
  3 deep elf annihilators (Elf:3)
  2 deep elf demonologists
  The ghost of Klosterheim the Cleaver, a journeyman DsMo of Qazlal (Lair:2)
  Azrael (D:13)
  5 spark wasps
  3 deep elf death magi
  6 merfolk javelineers
  2 minotaurs
  3 ettins
  8 merfolk impalers
  A fire dragon (Lair:6)
  An ogre mage (Orc:1)
  3 deep elf high priests (Elf:3)
  7 hydras
  A vault guard (D:13)
  Erolcha (D:10)
  6 merfolk avatars
  2 catoblepae
  3 centaur warriors
  5 merfolk aquamancers
  4 two-headed ogres
  3 alligator snapping turtles
  4 satyrs
  6 tengu warriors
  4 orc high priests (Orc:2)
  8 death scarabs (Spider:4)
  8 death yaks
  A thrashing horror (Abyss:2)
  25 dancing weapons
  10 deep elf knights
  An unseen horror (shapeshifter) (D:13)
  An unseen horror (D:13)
  10 sea snakes
  2 phantasmal warriors
  3 spectral wolf spiders (Spider:4)
  2 lindwurms (Lair:6)
  2 orc knights (Orc:1)
  6 large abominations (Abyss:2)
  2 wolf spider zombies (Spider:4)
  Pikel (D:5)
  12 harpies
  15 orb spiders
  4 deep elf archers
  2 oklob plants (Shoals:1)
  36 wolf spiders
  39 deep elf magi
  3 orc sorcerers (Orc:2)
  27 ugly things
  38 fauns
  A faun (shapeshifter) (Elf:1)
  3 centaur zombies
  2 worldbinders (Abyss:2)
  13 manticores
  2 moths of wrath (Spider:4)
  14 cyclopes
  An elephant (Shoals:2)
  8 black mambas
  A smoke demon (Abyss:2)
  10 merfolk sirens
  A naga mage (D:15)
  An apocalypse crab (Abyss:2)
  3 molten gargoyles (Lair:6)
  A guardian serpent (Abyss:2)
  A torpor snail (Spider:3)
  An ice statue (Shoals:3)
  3 water nymphs
  An eye of devastation (shapeshifter) (D:15)
  12 spiny frogs
  A gargoyle (D:15)
  A rime drake (Lair:5)
  A kobold demonologist (D:14)
  4 spectral redbacks (Spider:4)
  9 komodo dragons
  19 demonic crawlers
  2 efreet
  A redback zombie (Spider:4)
  3 ancient zymes (Abyss:2)
  4 tengu conjurers
  3 meliai
  A harpy zombie (D:15)
  50 jumping spiders
  3 trolls
  10 hornets
  27 merfolk
  10 polar bears
  4 spectral jumping spiders (Spider:4)
  Grinder (D:5)
  14 snapping turtles
  4 wind drakes
  2 spectral tarantellas (Spider:4)
  18 blink frogs
  Prince Ribbit (D:5)
  12 dream sheep
  A tarantella zombie (Spider:4)
  2 meliai zombies (D:13)
  9 hippogriffs
  2 ice dragon zombies (Abyss:2)
  Sigmund (D:5)
  4 air elementals
  2 shadows
  8 water elementals
  5 wyverns
  2 ynoxinuls (Abyss:2)
  29 tarantellas
  77 redbacks
  63 yaks
  A hungry ghost (D:9)
  2 basilisks
  6 fire elementals
  2 steam dragons
  5 hogs (Spider:4)
  3 vampire mosquitoes (D:11)
  3 neqoxecs (Abyss:2)
  Menkaure (D:7)
  A soldier ant (D:6)
  8 wargs
  A water moccasin (shapeshifter) (D:13)
  17 water moccasins
  4 hell hounds
  An acid dragon (D:14)
  9 porcupines
  2 hornet zombies (Spider:4)
  30 orc warriors
  9 black bears
  2 ice beasts
  3 phantoms
  3 sky beasts
  13 ogres
  A necrophage (D:6)
  5 centaurs
  9 wolves
  20 crocodiles
  5 big kobolds
  3 earth elementals
  A wyvern zombie (D:11)
  12 bullfrogs
  2 gnoll sergeants
  5 small abominations (Abyss:2)
  A wyvern skeleton (D:12)
  4 scorpions
  3 water moccasin skeletons
  23 killer bees
  18 wights
  2 electric eels (Lair:6)
  4 lava snakes (Lair:6)
  6 howler monkeys
  9 crimson imps
  6 hounds
  31 orc wizards
  37 orc priests
  2 centaur skeletons
  A jelly (D:8)
  A gnoll shaman (Orc:1)
  9 iguanas
  Jessica (D:2)
  4 bullfrog skeletons
  12 worker ants
  A hound zombie (D:8)
  A worker ant zombie (D:10)
  17 gnolls
  A howler monkey skeleton (D:11)
  5 adders
  2 shadow imps
  An ufetubus (Abyss:2)
  An ooze (D:2)
  An adder zombie (D:8)
  An adder skeleton (D:4)
  4 worms
  5 dart slugs
  10 leopard geckos
  77 orcs
  6 giant cockroaches
  6 hobgoblins
  11 jackals
  17 kobolds
  3 quokkas
  4 ball pythons
  10 bats
  9 frilled lizards
  6 goblins
  2 jackal skeletons
  A leopard gecko skeleton (D:9)
  A quokka skeleton (D:4)
  A quokka zombie (D:5)
  4 rats
  A plant (Shoals:1)
  2 starspawn tentacles (Abyss:2)
1442 creatures vanquished.

Vanquished Creatures (collateral kills)
  Donald (Spider:2)
  An entropy weaver (Spider:3)
  A hydra (Lair:4)
  2 death yaks
  A death knight (D:13)
  A satyr (Shoals:2)
  A skeletal warrior (D:13)
  2 orb spiders
  2 fauns (Shoals:2)
  2 wolf spiders (Spider:2)
  2 cyclopes (Orc:1)
  A guardian serpent (Lair:4)
  A merfolk siren (Shoals:2)
  2 spiny frogs (Lair:4)
  A freezing wraith (D:13)
  3 redbacks (Spider:3)
  3 tarantellas
  A warg (Orc:2)
  A wolf (Lair:2)
  2 orcs
31 creatures vanquished.

Vanquished Creatures (others)
  Ilsuiw (Shoals:4)
  A deep elf archer (Elf:1)
  A wolf spider (Spider:2)
  A dire elephant skeleton (Abyss:2)
  A hornet (Spider:1)
  A tarantella (Spider:3)
  2 redbacks
  2 small abominations (Abyss:2)
  A crimson imp (D:5)
  A worker ant (D:5)
  A quokka (D:2)
  8 fungi
  58 plants
  7 starspawn tentacles (Abyss:2)
  4 tentacles (Shoals:3)
90 creatures vanquished.

Grand Total: 1563 creatures vanquished

Notes
Turn   | Place    | Note
-------+----------+-------------------------------------------
     0 | D:1      | nht the Barachi Berserker began the quest for the Orb.
     0 | D:1      | Reached XP level 1. HP: 18/18 MP: 1/1
    84 | D:1      | Reached skill level 4 in Long Blades
    91 | D:1      | Reached XP level 2. HP: 16/24 MP: 2/2
   296 | D:1      | Reached XP level 3. HP: 25/29 MP: 3/3
   422 | D:1      | Reached skill level 5 in Long Blades
   764 | D:2      | Found an ancient bone altar of Kikubaaqudgha.
   797 | D:2      | Reached ** piety under Trog
   929 | D:2      | Noticed Jessica
   937 | D:2      | Killed Jessica
   937 | D:2      | Reached XP level 4. HP: 36/36 MP: 4/4
  1011 | D:2      | Reached skill level 6 in Long Blades
  1242 | D:2      | Found a white marble altar of Elyvilon.
  1415 | D:2      | Found a hazy altar of Hepliaklqana.
  1912 | D:3      | Reached XP level 5. HP: 32/41 MP: 5/5
  2251 | D:4      | Reached skill level 13 in Long Blades
  2251 | D:4      | Reached XP level 6. HP: 58/58 MP: 6/6
  2803 | D:4      | Reached *** piety under Trog
  3319 | D:5      | Entered Level 5 of the Dungeon
  3319 | D:5      | Noticed a phantom
  3359 | D:5      | Gained mutation: You are occasionally teleported next to monsters. [potion of mutation]
  3359 | D:5      | Gained mutation: You are clumsy. (Dex -2) [potion of mutation]
  3359 | D:5      | Gained mutation: You have sharp toenails. [potion of mutation]
  3369 | D:5      | Killed a phantom
  3369 | D:5      | Reached XP level 7. HP: 64/64 MP: 7/7
  3417 | D:5      | Noticed Grinder
  3417 | D:5      | Paralysed by Grinder for 3 turns
  3420 | D:5      | Noticed Prince Ribbit
  3429 | D:5      | Noticed Sigmund
  3435 | D:5      | Killed Grinder
  3442 | D:5      | Killed Prince Ribbit
  3442 | D:5      | Reached skill level 14 in Long Blades
  3442 | D:5      | Reached XP level 8. HP: 60/71 MP: 8/8
  3447 | D:5      | Killed Sigmund
  3503 | D:5      | Found an opulent altar of Gozag.
  3561 | D:5      | Noticed Pikel
  3571 | D:5      | Killed Pikel
  3613 | D:5      | Reached XP level 9. HP: 76/76 MP: 9/9
  4116 | D:6      | Reached skill level 5 in Throwing
  4173 | D:6      | Lost mutation: You are occasionally teleported next to monsters. [potion of mutation]
  4173 | D:6      | Lost mutation: You are clumsy. (Dex -2) [potion of mutation]
  4173 | D:6      | Lost mutation: You have sharp toenails. [potion of mutation]
  4173 | D:6      | Gained mutation: You occasionally shout uncontrollably at your foes. [potion of mutation]
  4173 | D:6      | Gained mutation: Your spells are a little harder to cast, but a little more powerful. [potion of mutation]
  4173 | D:6      | Gained mutation: Your spells are harder to cast, but more powerful. [potion of mutation]
  4173 | D:6      | Gained mutation: You are partially covered in thin metallic scales. (AC +2) [potion of mutation]
  4457 | D:6      | Reached **** piety under Trog
  4820 | D:7      | Found a staircase to the Ecumenical Temple.
  4870 | D:7      | Found Jiseil's Food Shop.
  4897 | D:7      | Noticed Menkaure
  4906 | D:7      | Killed Menkaure
  5099 | D:7      | Found a deep blue altar of Sif Muna.
  5359 | D:7      | Received a gift from Trog
  5638 | D:8      | Found a snail-covered altar of Cheibriados.
  5679 | D:8      | Found a snail-covered altar of Cheibriados.
  5691 | D:8      | Found a staircase to the Lair.
  5698 | D:8      | Reached XP level 10. HP: 59/83 MP: 10/10
  5779 | D:8      | Found a bloodstained altar of Trog.
  5823 | D:8      | Reached ***** piety under Trog
  5826 | D:8      | Received a gift from Trog
  5863 | D:8      | Found a blossoming altar of Fedhas.
  7052 | D:9      | Found a staircase to the Orcish Mines.
  7100 | D:9      | Found a radiant altar of Vehumet.
  7147 | D:9      | Reached skill level 10 in Throwing
  7213 | D:9      | Got an ichor-stained scale mail
  7224 | D:9      | Identified the +1 scale mail of Eternal Vigilance {-Tele rN+ MR++ Str+2} (You found it on level 9 of the Dungeon)
  7852 | D:10     | Entered Level 10 of the Dungeon
  7964 | D:10     | Received a gift from Trog
  8027 | D:10     | Reached XP level 11. HP: 89/89 MP: 11/11
  8179 | D:10     | Noticed Erolcha
  8209 | D:10     | Killed Erolcha
  8459 | D:10     | Noticed a two-headed ogre
  8466 | D:10     | Killed a two-headed ogre
  8581 | Lair:1   | Entered Level 1 of the Lair of Beasts
  9046 | Lair:1   | Received a gift from Trog
  9674 | Lair:1   | Reached skill level 10 in Fighting
  9710 | Lair:1   | Reached skill level 5 in Armour
  9753 | Lair:1   | Reached XP level 12. HP: 77/97 MP: 12/12
 10184 | Lair:2   | Found a staircase to the Shoals.
 10184 | Lair:2   | Noticed Klosterheim's ghost (journeyman DsMo)
 10208 | Lair:2   | Killed Klosterheim's ghost
 10208 | Lair:2   | Reached skill level 1 in Evocations
 10421 | Lair:2   | Reached skill level 5 in Dodging
 10519 | Lair:2   | Received a gift from Trog
 10975 | Lair:2   | You fall through a shaft for 2 floors!
 10982 | Lair:4   | Noticed a six-headed hydra
 10997 | Lair:4   | Killed a six-headed hydra
 11557 | Lair:4   | Noticed a six-headed hydra
 11561 | Lair:4   | Killed a six-headed hydra
 11785 | Lair:4   | Noticed a death yak
 11786 | Lair:4   | Noticed a death yak
 11789 | Lair:4   | Noticed a death yak
 11803 | Lair:4   | Killed a death yak
 11810 | Lair:4   | Killed a death yak
 11810 | Lair:4   | Gained mutation: You can hop longer distances. [Barachi growth]
 11810 | Lair:4   | Reached XP level 13. HP: 106/106 MP: 16/16
 12182 | Lair:3   | Reached skill level 5 in Evocations
 12295 | Lair:3   | Found a hole to the Spider Nest.
 12863 | Lair:3   | Received a gift from Trog
 14151 | Lair:6   | Entered Level 6 of the Lair of Beasts
 14765 | Lair:6   | Received a gift from Trog
 14975 | Lair:6   | Reached XP level 14. HP: 115/115 MP: 19/19
 15133 | Lair:6   | Received a gift from Trog
 15191 | Lair:6   | Found a staircase to the Slime Pits.
 15771 | Lair:6   | Found a large runed door.
 15771 | Lair:6   | Found a large runed door.
 15903 | Lair:6   | Received a gift from Trog
 16399 | Lair:6   | Reached skill level 15 in Long Blades
 17499 | D:12     | Reached skill level 16 in Long Blades
 17934 | D:12     | Received a gift from Trog
 18335 | D:13     | Found Honos's Food Boutique.
 18385 | D:13     | Noticed Azrael
 18406 | D:13     | Killed Azrael
 18818 | D:13     | Reached XP level 15. HP: 113/122 MP: 20/20
 18822 | D:13     | Reached skill level 17 in Long Blades
 18897 | D:13     | Received a gift from Trog
 19239 | D:13     | Found a gate to the Vaults.
 19321 | D:13     | Got a translucent mace
 19535 | D:13     | Received a gift from Trog
 19722 | D:13     | Identified the +8 mace "Grim" {crush, *Drain rN+++ Dex+4 SInv} (You found it on level 13 of the Dungeon)
 19989 | Orc:1    | Entered Level 1 of the Orcish Mines
 19998 | Orc:1    | Reached skill level 18 in Long Blades
 20152 | Orc:1    | Received a gift from Trog
 20153 | Orc:1    | Got a fine great sword {god gift}
 20190 | Orc:1    | Identified the +6 great sword of Teecughe {antimagic, rF+ MP-9 Dex+3 Stlth+} (Trog gifted it to you on level 1 of the Orcish Mines)
 20696 | Orc:1    | Found a bloodstained altar of Trog.
 21160 | Orc:1    | Received a gift from Trog
 21516 | Orc:1    | Reached skill level 19 in Long Blades
 22019 | Orc:2    | Entered Level 2 of the Orcish Mines
 22198 | Orc:2    | Found a staircase to the Elven Halls.
 22245 | Orc:2    | Found Plog's Gadget Shop.
 22366 | Orc:2    | Noticed an orc warlord
 22391 | Orc:2    | Killed an orc warlord
 22535 | Orc:2    | Received a gift from Trog
 22812 | Orc:2    | Found Zuemah's Antique Weapon Boutique.
 22812 | Orc:2    | Found Urov's Antique Weapon Shop.
 22812 | Orc:2    | Found Urhoukh's Weapon Boutique.
 22843 | Orc:2    | Found Zioss's Distillery.
 22854 | Orc:2    | Bought a potion of invisibility for 88 gold pieces
 22854 | Orc:2    | Bought a potion of invisibility for 88 gold pieces
 22854 | Orc:2    | Bought a potion of might for 44 gold pieces
 22854 | Orc:2    | Bought a potion of haste for 110 gold pieces
 22854 | Orc:2    | Bought a potion of haste for 110 gold pieces
 22854 | Orc:2    | Bought a potion of might for 44 gold pieces
 22854 | Orc:2    | Bought a potion of curing for 33 gold pieces
 22854 | Orc:2    | Bought 2 potions of flight for 66 gold pieces
 23300 | D:14     | Found a shimmering altar of Xom.
 23301 | D:14     | Reached XP level 16. HP: 129/129 MP: 4/21
 23372 | D:14     | Received a gift from Trog
 23402 | D:14     | Reached skill level 20 in Long Blades
 23514 | D:14     | Found a labyrinth entrance.
 23519 | Lab      | Entered a labyrinth
 23747 | Lab      | Identified the Handbook of Rotation
 23780 | Lab      | Received a gift from Trog
 23956 | D:14     | Found a sparkling altar of Nemelex Xobeh.
 23985 | D:14     | Reached skill level 15 in Throwing
 24370 | D:15     | Entered Level 15 of the Dungeon
 24470 | D:15     | Received a gift from Trog
 24635 | D:15     | Found Xyuteleg's Book Boutique.
 24976 | D:15     | Identified the +6 broad axe of Intuition {chop, *Contam Str+3 Dex+6} (You found it on level 15 of the Dungeon)
 25166 | D:15     | Found a staircase to the Depths.
 25910 | Spider:1 | Entered Level 1 of the Spider Nest
 26446 | Spider:2 | Noticed grindst0ne's ghost (adept FoFi)
 26500 | Spider:1 | Reached skill level 21 in Long Blades
 26975 | Spider:2 | Killed grindst0ne's ghost
 26975 | Spider:2 | Received a gift from Trog
 27950 | Spider:2 | Noticed Donald
 27958 | Spider:2 | Killed Donald
 27981 | Spider:2 | Reached XP level 17. HP: 135/135 MP: 4/22
 29265 | Spider:2 | Reached skill level 22 in Long Blades
 29814 | Spider:3 | Noticed Bai Suzhen
 30035 | Spider:3 | Killed Bai Suzhen
 30123 | Spider:3 | Received a gift from Trog
 30498 | Spider:3 | Reached skill level 10 in Armour
 30922 | Spider:3 | Received a gift from Trog
 31252 | Spider:4 | Entered Level 4 of the Spider Nest
 31364 | Spider:3 | Got an ichor-stained robe
 31375 | Spider:3 | Identified the +2 robe of Marbles {rF+ Regen+ Str+8 Stlth-} (You took it off an entropy weaver on level 3 of the Spider Nest)
 32040 | Spider:4 | Received a gift from Trog
 32325 | Spider:4 | Noticed Kirke
 32355 | Spider:4 | Killed Kirke
 32355 | Spider:4 | Reached skill level 10 in Dodging
 32404 | Spider:4 | Reached XP level 18. HP: 143/143 MP: 5/24
 32414 | Spider:4 | Reached ****** piety under Trog
 32418 | Spider:4 | Received a gift from Trog
 32881 | Spider:4 | Received a gift from Trog
 33169 | Spider:4 | Received a gift from Trog
 33817 | Spider:4 | Reached skill level 23 in Long Blades
 34671 | Spider:4 | Got a gossamer rune of Zot
 34953 | Shoals:1 | Entered Level 1 of the Shoals
 35081 | Shoals:1 | Noticed Louise
 35094 | Shoals:1 | Killed Louise
 35204 | Shoals:1 | Received a gift from Trog
 35495 | Shoals:1 | Noticed Aizul
 35507 | Shoals:1 | Killed Aizul
 36602 | Shoals:2 | Reached skill level 10 in Evocations
 36808 | Shoals:2 | Reached XP level 19. HP: 131/152 MP: 5/26
 37258 | Shoals:2 | Received a gift from Trog
 37292 | Shoals:2 | Noticed Polyphemus
 37310 | Shoals:2 | Killed Polyphemus
 37862 | Shoals:2 | Found a hide-covered altar of Uskayaw.
 38684 | Shoals:3 | Noticed Roxanne
 39152 | Shoals:3 | Identified a scroll of acquirement
 39231 | Shoals:3 | Received a gift from Trog
 39739 | Shoals:3 | Reached skill level 24 in Long Blades
 40349 | Shoals:4 | Entered Level 4 of the Shoals
 40352 | Shoals:4 | Received a gift from Trog
 40818 | Shoals:4 | Reached skill level 15 in Fighting
 41294 | Shoals:4 | Got a barnacled rune of Zot
 41862 | Shoals:4 | Received a gift from Trog
 41863 | Shoals:4 | Identified the +4 great sword of Oenomania {freeze, *Slow +Inv rPois rF++} (Trog gifted it to you on level 4 of the Shoals)
 41943 | Shoals:4 | Noticed Ilsuiw
 42584 | Shoals:4 | Killed Ilsuiw
 42979 | Elf:1    | Entered Level 1 of the Elven Halls
 42990 | Elf:1    | Reached XP level 20. HP: 162/162 MP: 28/28
 43968 | Elf:2    | Received a gift from Trog
 44117 | Elf:2    | Found a runed gate.
 44133 | Elf:2    | Found a runed gate.
 44134 | Elf:2    | Found a runed gate.
 44750 | Elf:2    | Received a gift from Trog
 45568 | Elf:3    | Entered Level 3 of the Elven Halls
 45674 | Elf:3    | Noticed Mara
 46009 | Elf:3    | Killed Mara
 46134 | Elf:3    | Cast into level 2 of the Abyss (a deep elf sorcerer)
 46140 | Abyss:2  | Found a hazy altar of Hepliaklqana.
 46326 | Abyss:2  | Received a gift from Trog
 46497 | Abyss:2  | Reached XP level 21. HP: 170/172 MP: 29/29
 46567 | Abyss:2  | Noticed a bone dragon
 46583 | Abyss:2  | Killed a bone dragon
 46679 | Abyss:2  | Received a gift from Trog
 46686 | Elf:3    | Escaped the Abyss
 46718 | Elf:3    | HP: 3/173 [deep elf master archer/arrow (22)]
 46723 | Elf:3    | HP: 6/173 [earth elemental[a deep elf elementalist] (23)]
 46726 | Elf:3    | Killed from afar by a deep elf elementalist

Vault maps used:
D:1:      ncdulo_wetmaze, minmay_pentomino_t2
D:2:      wad_lake_hut, lemuel_doored_altar, elyvilon_altar_4,
          lemuel_crystal_altar, grunt_ministairs_3, st_stairs_5,
          serial_park_tiny_1, uniq_jessica
D:3:      first_bread
D:4:      cheibrodos_sewer_entry_sluice
D:5:      lemuel_crystal_altar, uniq_pikel, uniq_prince_ribbit1, uniq_sigmund,
          uniq_grinder
D:7:      led_sif_book, minmay_temple_entry_junction, serial_shops, shop,
          uniq_menkaure
D:8:      lemuel_crystal_altar, lemuel_round_altar, trog_ov_bears_minmay,
          erik_lair_orcish_takeover, nrook_loot_triangle, cheibriados_altar_1
D:9:      nicolae_overflow_crystal_walls
D:10:     uniq_erolcha
D:13:     david_vaults_4, serial_shops, nicolae_shop_behind_doors,
          hangedman_ranch, uniq_azrael
D:14:     lab_entry_generic, basic_altar, nemelex_diamond_rough_becter
D:15:     hangedman_depths_entry_try_elsewhere_first, serial_shops, shop,
          minmay_misc_feat_tiny
Lair:1:   beast_lair_carwin_large_4
Lair:2:   shoals_dummy_entry
Lair:3:   spider_nest_entry_web_field
Lair:4:   beast_lair_carwin_3
Lair:6:   cheibrodos_lair_end_hotspot, minmay_slime_entry_oklob_open,
          serial_bayou_lake_a
Shoals:1: nicolae_shoals_this_corrosion, uniq_louise, uniq_aizul
Shoals:2: cheibrodos_shoals_roost, regret_index_shoals_crete, uniq_polyphemus
Shoals:3: portal_ice_cave_entry_ice_statue_one, uniq_roxanne
Shoals:4: shoals_end_grunt_garden, shoals_ilsuiw_alternative
Spider:1: spiders_nest_hornet_nest
Spider:2: uniq_donald
Spider:3: cheibrodos_spider_silkery, uniq_bai_suzhen
Spider:4: floodkiller_spider_rune_tomb, spider_trap, uniq_kirke
Orc:1:    giant_chief_lemuel, trog_butcher_becter
Orc:2:    st_orc_mages, serial_shops, nicolae_shop_stone
Elf:1:    elf_arrival_002, minivault_28
Elf:3:    minmay_elf_hall_curves, spider_trap, minivault_13, uniq_mara
Abyss:2:  evilmike_abyss_exit_1
Lab:      labyrinth_mini_lab, nicolae_lab_quarters, nicolae_lab_t_cross

Skill      XL: |  1  2  3  4  5  6  7  8  9 10 11 12 13 14 15 16 17 18 19 20 21 |
---------------+----------------------------------------------------------------+-----
Long Blades    | 4 5 6 13 14 16 19 21 22 23 24 | 24.2
Fighting       | 9 10 11 12 13 14 15 16 | 16.8
Throwing       | 4 7 10 12 13 14 15 16 17 18 | 18.2
Armour         | 5 7 9 10 11 12 13 | 13.0
Dodging        | 4 6 8 9 10 11 12 13 14 | 14.0
Evocations     | 4 7 8 10 11 | 11.0

Action                   |  1- 3 |  4- 6 |  7- 9 | 10-12 | 13-15 | 16-18 | 19-21 || total
-------------------------+-------+-------+-------+-------+-------+-------+-------++-------
Melee: Falchion          |    79 |   168 |   323 |   610 |   543 |       |       ||  1723
       Kick              |       |     1 |    39 |       |       |       |       ||    40
       Great sword       |       |       |       |       |   625 |  1117 |   517 ||  2259
       Scimitar          |       |       |       |       |    12 |       |       ||    12
       Staff             |       |       |       |       |       |    13 |       ||    13
       Triple sword      |       |       |       |       |       |       |   352 ||   352
Throw: Tomahawk          |       |       |       |    54 |   111 |   552 |   437 ||  1154
       Javelin           |       |       |       |    58 |   350 |   101 |    90 ||   599
       Throwing net      |       |       |       |       |     1 |     1 |     2 ||     4
Invok: Berserk           |     1 |     2 |     2 |    10 |    11 |    10 |     3 ||    39
       Trog's Hand       |       |       |     1 |     1 |     5 |    10 |    11 ||    28
       Brothers in Arms  |       |       |       |     2 |     8 |     6 |     1 ||    17
       Burn Spellbooks   |       |       |       |     1 |     4 |     3 |     1 ||     9
 Abil: Hop               |       |       |       |       |     3 |     6 |     8 ||    17
Evoke: Wand              |       |       |    13 |    46 |     8 |   113 |    47 ||   227
       Phantom mirror    |       |       |       |     1 |       |       |       ||     1
       Sack of spiders   |       |       |       |       |       |    10 |       ||    10
       Lightning rod     |       |       |       |       |       |       |     4 ||     4
       Fan of gales      |       |       |       |       |       |       |     1 ||     1
  Use: Scroll            |       |    13 |     7 |    10 |     5 |    26 |    16 ||    77
       Potion            |       |     4 |     1 |     3 |     4 |     3 |    10 ||    25
 Stab: Confused          |       |       |       |       |       |     1 |       ||     1
       Paralysed         |       |       |       |       |       |    17 |     7 ||    24
       Distracted        |       |       |       |       |       |     1 |       ||     1
       Petrified         |       |       |       |       |       |       |     6 ||     6
  Eat: Chunk             |     1 |    10 |    10 |    26 |    45 |    14 |    30 ||   136
       Fruit             |       |     2 |     1 |     2 |     5 |    14 |     3 ||    27
       Bread ration      |       |       |       |     1 |       |     7 |     1 ||     9
       Meat ration       |       |       |       |       |     2 |     1 |     1 ||     4
Armor: Animal skin       |    16 |       |       |       |       |       |       ||    16
       Ring mail         |    12 |    41 |       |       |       |       |       ||    53
       Chain mail        |       |    11 |   130 |   234 |   560 |   827 |   443 ||  2205
       Skin              |       |       |       |    74 |       |    34 |       ||   108
Dodge: Dodged            |    49 |    86 |    85 |   183 |   609 |   843 |   555 ||  2410
       Deflected         |       |       |       |       |       |       |    17 ||    17
       Rpst.: Falchion   |    12 |    26 |    21 |    44 |    61 |       |       ||   164
       Great sword       |       |       |       |       |    93 |   139 |    54 ||   286
       Scimitar          |       |       |       |       |     1 |       |       ||     1
       Triple sword      |       |       |       |       |       |       |    52 ||    52
